 Dungeon Crawl Stone Soup version 0.31-a0-538-gbc85326fa9 (webtiles) character file.

Game seed: 5588826452340053392

626 Iich the Chopper (level 7, -1/55 HPs)
             Began as a Demonspawn Fighter on Aug 13, 2023.
             Was an Initiate of Okawaru.
             Splashed by a jelly's acid (8 damage)
             ... on level 5 of the Dungeon.
             The game lasted 00:11:14 (4106 turns).

Iich the Chopper (Demonspawn Fighter)               Turns: 4106, Time: 00:11:14

Health: -1/55      AC: -1    Str: 16    XL:     7   Next: 23%
Magic:  7/7        EV: 10    Int: 10    God:    Okawaru [......]
Gold:   273        SH:  4    Dex: 14    Spells: 6/6 levels left

rFire   + . .        a - +1 war axe
rCold   . . .        c - +0 buckler
rNeg    . . .        b - +0 scale mail
rPois   .            (helmet currently unavailable)
rElec   .            (cloak currently unavailable)
rCorr   .            m - melded +0 pair of gloves
SInv    .            (boots currently unavailable)
Will    +....        e - amulet of faith Stlth
                     u - ring of willpower
HPRegen 0.29/turn    F - ring of protection from fire
MPRegen 0.10/turn

%: faith
@: about to teleport, beast-form, corroded
A: beast (slay +1), hooves 2, spiny 1
a: Begin Untransformation, Renounce Religion


You were on level 5 of the Dungeon.
You worshipped Okawaru.
Okawaru was noncommittal.
You were a hulking beast.
You visited 2 branches of the dungeon, and saw 6 of its levels.

You collected 273 gold pieces.

Inventory:

Hand Weapons
 a - a +1 war axe (weapon)
Armour
 b - a +0 scale mail (worn)
 c - a +0 buckler (worn)
 m - a +0 pair of gloves (melded)
Jewellery
 e - an amulet of faith (around neck)
 u - a ring of willpower (left hand)
 F - a ring of protection from fire (right hand)
Talismans
 s - a beast talisman (active)
Scrolls
 g - a scroll of fog
 j - a scroll of vulnerability
 n - a scroll of amnesia
 o - a scroll of noise {unknown}
 r - a scroll of enchant weapon
 t - a scroll of teleportation
Potions
 d - 2 potions of might
 f - a potion of degeneration {unknown}
 h - 2 potions of haste
 i - a potion of lignification {unknown}
 k - a potion of attraction
 l - a potion of resistance {unknown}
 p - a potion of enlightenment


   Skills:
 + Level 4.4 Fighting
 * Level 4.9 Axes
 - Level 2.6 Armour
 + Level 2.8 Dodging
 - Level 2.6 Shields
 * Level 2.3 Shapeshifting


You had 6 spell levels left.
You didn't know any spells.
Your spell library contained the following spells:

 Spells                   Type           Power      Damage    Failure   Level
 Apportation              Tloc           0%         N/A       87%         1
 Alistair's Intoxication  Tmut/Pois      0%         N/A       100%        5


Dungeon Overview and Level Annotations

Branches:
Dungeon (5/15)             Temple (1/1) D:4

Altars:
Cheibriados
Dithmenos
Gozag
Kikubaaqudgha
Makhleb
Okawaru
Ru
Sif Muna
Trog
Uskayaw
Vehumet


Innate Abilities, Weirdness & Mutations

You are a hulking beast.
Your limbs bulge with bestial killing power. (Slay +1)
You have hoof-like feet.
You are partially covered in sharp spines.


Message History

You barely miss the orc wizard. You kick the orc wizard!
The orc wizard is heavily wounded.
The orc wizard points at you and mumbles some strange words.
The magic dart hits you.
You take 6 damage, and have 49/55 hp.
You closely miss the orc wizard.
The orc wizard is heavily wounded.
You barely miss the iguana. The iguana barely misses you.
You hit the jelly. The acid corrodes you!
Your hands burn!
You kick the jelly.
The jelly is heavily wounded.
You hit the iguana but do no damage. You hit the orc.
The iguana is struck by your spines. The iguana bites you!
The jelly closely misses you. You block the iguana's attack.
The jelly hits you. The acid corrodes you!
You are splashed with acid!
The orc wizard gestures wildly while chanting.
The orc wizard flickers and vanishes!
Deactivating autopickup; reactivate with Ctrl-A.
The orc is struck by your spines.
You kill the orc!
Okawaru accepts your kill.
You take 24 damage, and have 25/55 hp. !!!!--MASSIVE DAMAGE--!!!!
Okay, then.
As you read the scroll of teleportation, it crumbles to dust.
You feel strangely unstable. The iguana is struck by your spines.
The iguana barely misses you. The jelly closely misses you.
You hit the jelly but do no damage.
Your hands burn!
* * * LOW HITPOINT WARNING * * *
You kick the jelly.
The jelly is severely wounded.
You closely miss the iguana. You hit something.
You hit the orc but do no damage. The iguana bites you.
* * * LOW HITPOINT WARNING * * *
The orc is struck by your spines. The orc hits you with a +0 club.
* * * LOW HITPOINT WARNING * * *
Something hits you.
* * * LOW HITPOINT WARNING * * *
The jelly hits you.
* * * LOW HITPOINT WARNING * * *
You are splashed with acid!
You die...

##.###.#.# ####'#+#####
#.....#.# #.#.#####
#######.######.#.....#####
>.........................
#####..#.######.#####.#####
.........######.......#
..............#########
(.....##......# ......
#..hl..# ..... #.oJ{..#
..... #.......... ####
##......... #.........
#......... #.........
#.........


You could see an iguana, a jelly and an orc.

Vanquished Creatures
  An ogre (D:3)
  A phantom (D:4)
  A scorpion (D:4)
  2 howler monkeys
  A hound (D:4)
  An iguana (D:4)
  A sleepcap (D:5)
  Natasha (thrice) (D:2)
  7 adders
  A worm (D:3)
  2 dart slugs (D:4)
  9 orcs
  4 ball pythons
  8 endoplasms
  4 giant cockroaches
  10 goblins
  9 hobgoblins
  6 jackals
  11 kobolds
  5 quokkas
  4 bats
  5 frilled lizards
  8 rats
104 creatures vanquished.

Notes
Turn   | Place    | Note
-------+----------+-------------------------------------------
     0 | D:1      | Iich the Demonspawn Fighter began the quest for the Orb.
     0 | D:1      | Reached XP level 1. HP: 18/18 MP: 1/1
   121 | D:1      | Gained mutation: You have large cloven feet. [demonic
                  | ancestry]
   121 | D:1      | Reached XP level 2. HP: 19/24 MP: 2/2
   226 | D:1      | Reached skill level 1 in Dodging
   295 | D:1      | Reached XP level 3. HP: 24/29 MP: 3/3
  1290 | D:2      | Noticed Natasha
  1296 | D:2      | Killed Natasha
  1297 | D:2      | Gained mutation: You have hoof-like feet. [demonic
                  | ancestry]
  1297 | D:2      | Reached XP level 4. HP: 13/35 MP: 4/4
  1621 | D:2      | Noticed Natasha
  1625 | D:2      | Killed Natasha
  1764 | D:2      | Noticed Natasha
  1774 | D:2      | Killed Natasha
  1775 | D:2      | Reached XP level 5. HP: 36/42 MP: 5/5
  2490 | D:4      | Reached skill level 1 in Shapeshifting
  2505 | D:4      | Reached XP level 6. HP: 40/48 MP: 6/6
  3193 | D:4      | Identified the +6 spear of Red Wine {heavy, rElec Str+5
                  | Dex-3}
  3230 | D:4      | Found a staircase to the Ecumenical Temple.
  3246 | Temple   | Entered the Ecumenical Temple
  3331 | Temple   | Became a worshipper of Warmaster Okawaru
  3698 | D:3      | Gained mutation: You are partially covered in sharp spines.
                  | [demonic ancestry]
  3698 | D:3      | Reached XP level 7. HP: 30/55 MP: 7/7
  3820 | D:5      | Entered Level 5 of the Dungeon
  4106 | D:5      | Splashed by a jelly's acid

Illustrated notes

Levels and vault maps discovered:
D:1:      eino_arrival_tree_alley, layout_loops_ring, minmay_cupped
D:2:      layout_basic, chequers_hall_statues_wall_a, uniq_natasha
D:3:      layout_rooms, nicolae_tso_carved_into_rock, serial_forest,
          infiniplex_forest_clump_tiny, infiniplex_forest_lined_4_way,
          infiniplex_forest_lined_3_way, infiniplex_forest_lined_room_,
          infiniplex_forest_clump_cross, infiniplex_forest_corner_2,
          infiniplex_forest_zigzag_1, dreamdust_mushroom_princess, st_stairs_11
D:4:      layout_cave_pools, minmay_temple_entry_nine_rooms, fountainhead
D:5:      layout_basic, serial_bayou_lake_a
Temple:   nicolae_temple_slightly_damp_pantheon

Skill      XL: |  1  2  3  4  5  6 |
---------------+-------------------+-----
Axes           | 2 3 4 |  4.9
Dodging        | 1 2 |  2.8
Fighting       | 4 |  4.4
Shapeshifting  | 1 2 |  2.3
Armour         | |  2.6
Shields        | |  2.6

Action                     |  1- 3 |  4- 6 |  7- 9 || total
---------------------------+-------+-------+-------++-------
  Melee: War axe           |   117 |   131 |    15 ||   263
         Kick              |    17 |    32 |     7 ||    56
    Use: Potion            |     3 |     5 |       ||     8
         Scroll            |       |     9 |     1 ||    10
 Armour: Scale mail        |    66 |    63 |     5 ||   134
  Dodge: Dodged            |    43 |    59 |     7 ||   109
  Block: Buckler           |    25 |    24 |     3 ||    52
   Form: Beast             |       |     3 |       ||     3
                           |       |     2 |       ||     2

Table legend: (Time is in decaauts)
 A = Elapsed time spent in this place.
 B = Non-inter-level travel time spent in this place.
 C = Inter-level travel time spent in this place.
 D = Time resting spent in this place.
 E = Time spent auto-exploring this place.
 F = Levels seen in this place.
 G = Mean time per level.
                   A        B        C        D        E       F      G
               +--------+--------+--------+--------+--------+-----+--------+
         Total |   4205 |   3978 |    227 |    297 |   2791 |   6 |  700.8 |
       Dungeon |   4080 |   3853 |    227 |    297 |   2791 |   5 |  816.0 |
        Temple |    124 |    124 |      0 |      0 |      0 |   1 |  124.0 |
               +--------+--------+--------+--------+--------+-----+--------+

Top non-repeatable levels by time:
     D:3: 1150 daAuts
     D:2: 1097 daAuts
     D:4: 763 daAuts
     D:1: 756 daAuts
     D:5: 312 daAuts
  Temple: 124 daAuts
